 Dungeon Crawl Stone Soup version 0.27-a0-860-gaf99fae3ca (webtiles) character file.

Game seed: 4649833925985298444

108 LabCoat the Chopper (level 4, -4/40 HPs)
             Began as a Hill Orc Fighter on Apr 1, 2021.
             Slain by an orc
             ... wielding a +0 morningstar
              (8 damage)
             ... on level 3 of the Dungeon on Apr 12, 2021.
             The game lasted 00:06:05 (2467 turns).

LabCoat the Chopper (Hill Orc Fighter)              Turns: 2467, Time: 00:06:05

Health: -4/40      AC:  7    Str: 19    XL:     4   Next: 87%
Magic:  4/4        EV:  7    Int:  8    God:
Gold:   116        SH:  9    Dex: 10    Spells: 3/3 levels left

rFire    . . .     SeeInvis .   a - +0 war axe
rCold    . . .     Faith    .   c - +0 kite shield
rNeg     . . .     Spirit   .   b - +0 scale mail
rPois    .         Reflect  .   (no helmet)
rElec    .         Harm     .   (no cloak)
rCorr    .         Rampage  .   (no gloves)
Will     .....                  (no boots)
Stlth    ..........             (no amulet)
HPRegen  0.13/turn              (no ring)
MPRegen  0.09/turn              (no ring)

@: mighty
A: no striking features
a: Convert to Beogh


You were on level 3 of the Dungeon.
You visited 1 branch of the dungeon, and saw 3 of its levels.

You collected 116 gold pieces.

Inventory:

Hand Weapons
 a - a +0 war axe (weapon)
 k - a +2 flail of venom
Armour
 b - a +0 scale mail (worn)
 c - a +0 kite shield (worn)
Scrolls
 e - a scroll of fear {unknown}
 f - a scroll of vulnerability {unknown}
 g - a scroll of holy word {unknown}
 h - a scroll of enchant weapon {unknown}
 j - a scroll of magic mapping {unknown}
 n - a scroll of identify {unknown}
Potions
 i - a potion of degeneration {unknown}
 l - a potion of ambrosia
 m - a potion of curing {unknown}
 o - a potion of flight {unknown}


   Skills:
 + Level 4.1 Fighting
 * Level 5.1 Axes
 + Level 3.9 Armour
 + Level 3.7 Shields


You had 3 spell levels left.
You didn't know any spells.
Your spell library was empty.

Dungeon Overview and Level Annotations

Branches:
Dungeon (3/15)

Altars:


Message History

The magic dart hits you. The orc hits you but does no damage.
You block the orc's attack.
The orc priest threatens, "By the altar or by the axe, you will meet Beogh!"
The orc priest hits you with a +0 club.
Your scale mail prevents you from hitting the orc priest.
You hit the orc. You slash the orc!
You kill the orc!
You closely miss something.
You hear some strange, mumbled words.
A puff of flame appears from out of thin air!
The puff of flame hits you! The orc barely misses you.
The orc priest miscasts a cantrip.
You barely miss the orc priest. You barely miss something.
The orc priest threatens, "By the altar or by the axe, you will meet Beogh!"
You hit the kobold.
You kill the kobold!
You hit the orc but do no damage. Something hits you but does no damage.
The orc hits you with a +0 morningstar! You block the orc priest's attack.
You hear some strange, mumbled words.
Something tries to affect you, but you resist.
The orc hits you with a +0 morningstar.
* * * LOW HITPOINT WARNING * * *
The orc priest hits you with a +0 club.
* * * LOW HITPOINT WARNING * * *
You feel very mighty all of a sudden. Something hits you.
* * * LOW HITPOINT WARNING * * *
The orc closely misses you.
The orc priest hits you but does no damage.
You slash the orc priest!
The orc priest is almost dead.
You closely miss the orc. You closely miss something.
You block something's attack. You block the orc's attack.
The orc priest threatens, "By the altar or by the axe, you will meet Beogh!"
The orc priest barely misses you.
You hit the orc priest but do no damage.
The orc priest is almost dead.
You closely miss the orc. You closely miss something.
Something hits you but does no damage. The orc hits you with a +0 morningstar!
You die...

# ## ########## .# .#
#........# #'####
.####+##.....#####......
.'...........#..........
.#...........#..........
.#.......###.#..@o......
##....###....!.o){#'#...
.......................
.......................
.#.......#.....#........
...##....#.....#........
........................
.#+##......#'#.#......#.
.........#.....#..##...


You could see an orc priest and an orc.

Vanquished Creatures
  Terence (D:3)
  3 adders (D:2)
  3 orcs (D:3)
  5 bats
  2 giant cockroaches
  5 goblins
  A hobgoblin (D:1)
  13 jackals
  4 quokkas
  5 ball pythons
  2 frilled lizards (D:1)
  4 kobolds
48 creatures vanquished.

Vanquished Creatures (others)
  2 ghouls (D:1)
  A minotaur (D:1)
  2 draconians (D:1)
  An octopode (D:1)
  A gargoyle (D:1)
  An elf (D:1)
  2 ogres (D:1)
  A centaur (D:1)
  An orc (D:1)
  5 tentacles (D:1)
17 creatures vanquished.

Grand Total: 65 creatures vanquished

Notes
Turn   | Place    | Note
-------+----------+-------------------------------------------
     0 | D:1      | LabCoat the Hill Orc Fighter began the quest for the Orb.
     0 | D:1      | Reached XP level 1. HP: 19/19 MP: 1/1
     0 | D:1      | Noticed an ogre
     0 | D:1      | Noticed an ogre
     0 | D:1      | Noticed a minotaur
     0 | D:1      | Noticed a draconian
     0 | D:1      | Noticed an elf
     0 | D:1      | Noticed a gargoyle
     0 | D:1      | Noticed a ghoul
     0 | D:1      | Noticed a kraken
     0 | D:1      | Noticed a centaur
     0 | D:1      | Noticed a draconian
     0 | D:1      | Noticed an octopode
     0 | D:1      | Noticed a ghoul
     4 | D:1      | Killed a gargoyle
     7 | D:1      | Killed a centaur
     9 | D:1      | Killed a ghoul
    10 | D:1      | Killed an ogre
    10 | D:1      | Killed an octopode
    10 | D:1      | Killed a draconian
    12 | D:1      | Killed an elf
    13 | D:1      | Killed a draconian
    13 | D:1      | Killed a minotaur
    13 | D:1      | Killed an ogre
    15 | D:1      | Killed a ghoul
   112 | D:1      | Reached XP level 2. HP: 26/27 MP: 2/2
   185 | D:1      | Found a faded altar of an unknown god.
   258 | D:1      | Reached skill level 3 in Axes
   311 | D:1      | You fall into a shaft and drop 1 floor!
   438 | D:1      | You fall into a shaft and drop 1 floor!
   544 | D:2      | Reached XP level 3. HP: 27/33 MP: 3/3
  1143 | D:2      | Reached skill level 4 in Axes
  1349 | D:2      | Reached XP level 4. HP: 35/40 MP: 4/4
  2210 | D:3      | Noticed Terence
  2222 | D:3      | Killed Terence
  2223 | D:3      | Reached skill level 5 in Axes
  2467 | D:3      | Slain by an orc

Illustrated notes

Levels and vault maps discovered:
D:1:      nicolae_arrival_kraken_aquarium_a, layout_loops_corners,
          basic_ecumenical_altar
D:2:      layout_basic
D:3:      layout_basic, marbit_many_paths, nicolae_overflow_hidden_temple,
          uniq_terence

Skill      XL: |  1  2  3  4 |
---------------+-------------+-----
Axes           | 3 4 5 |  5.1
Fighting       | 4 |  4.1
Armour         | |  3.9
Shields        | |  3.7

Action                   |  1- 3 |  4- 6 || total
-------------------------+-------+-------++-------
Melee: War axe           |    96 |    52 ||   148
  Use: Potion            |       |     2 ||     2
Armor: Scale mail        |    67 |    37 ||   104
Dodge: Dodged            |    50 |    32 ||    82
Block: Kite shield       |    56 |    27 ||    83

Table legend: (Time is in decaauts)
 A = Elapsed time spent in this place.
 B = Non-inter-level travel time spent in this place.
 C = Inter-level travel time spent in this place.
 D = Time resting spent in this place.
 E = Time spent auto-exploring this place.
 F = Levels seen in this place.
 G = Mean time per level.
                   A        B        C        D        E       F      G
               +--------+--------+--------+--------+--------+-----+--------+
         Total |   2550 |   2438 |    112 |    735 |   1309 |   3 |  850.0 |
       Dungeon |   2550 |   2438 |    112 |    735 |   1309 |   3 |  850.0 |
               +--------+--------+--------+--------+--------+-----+--------+

Top non-repeatable levels by time:
     D:2: 943 daAuts
     D:1: 862 daAuts
     D:3: 744 daAuts
